 Dungeon Crawl Stone Soup version 0.17-a0-1582-ge6b0260 (webtiles) character file.

152 Chiseanne the Chopper (level 5, -5/58 HPs)
             Began as a Demonspawn Wanderer on July 27, 2015.
             Slain by an ogre
             ... wielding a +0 giant spiked club
              (14 damage)
             ... on level 4 of the Dungeon.
             The game lasted 00:09:16 (2932 turns).

Chiseanne the Chopper (Demonspawn Wanderer)         Turns: 2932, Time: 00:09:16

Health: -5/58      AC: 22    Str: 12    XL:     5   Next: 11%
Magic:  5/5        EV:  2    Int: 11    God:
Gold:   199        SH:  4    Dex: 16    Spells: 0 memorised, 4 levels left

rFire  . . .     SeeInvis .     a - +0 hand axe
rCold  . . .     Clarity  .     (armour currently unavailable)
rNeg   + + +     SustAt   .     l - +0 buckler
rPois  +         Gourm    .     (helmet currently unavailable)
rElec  .         Spirit   .     (cloak currently unavailable)
rCorr  .         Warding  .     (gloves currently unavailable)
rMut   .         NoTele   +     (boots currently unavailable)
MR     .....                    (no amulet)
Stlth  ++........               C - -3 ring of evasion (curse)
                                n - ring of teleportation (curse)

@: tree-form, not resistant to hostile enchantments, unstealthy
A: (horns 0), rugged brown scales 2
a: Evoke Teleportation


You were on level 4 of the Dungeon.
You were not hungry.
You were a tree.
You visited 1 branch of the dungeon, and saw 4 of its levels.

You collected 199 gold pieces.

Inventory:

Hand weapons
 a - a +0 hand axe (weapon)
 g - a +2 dagger of flaming
 o - a +0 dagger of distortion
 w - a +2 blowgun
Missiles
 c - a curare-tipped needle
 e - 13 bolts of frost
 i - 29 sling bullets
 j - 30 poisoned needles
 A - 37 bolts
Armour
 l - a +0 buckler (worn)
 r - a +0 pair of boots (melded)
 B - a +3 ring mail (melded)
Jewellery
 n - a cursed ring of teleportation (left branch)
 u - an uncursed ring of protection from cold
 C - a cursed -3 ring of evasion (right branch)
Scrolls
 t - a scroll of teleportation
 y - a scroll of amnesia
Potions
 d - 3 potions of curing
 h - a potion of brilliance
 k - a potion of ambrosia {unknown}
 p - a potion of flight {unknown}
 x - a potion of cancellation {unknown}
 D - a potion of poison {unknown}
Comestibles
 b - 2 slices of pizza
 f - 4 bread rations
 m - a chunk of flesh
 s - 3 fruits
 z - a meat ration


   Skills:
 + Level 1.8 Fighting
 - Level 4.0(4.2) Axes
   Level 1.7(3.1) Polearms
 - Level 1.7 Throwing
 * Level 2.5 Armour
 + Level 1.3 Dodging
 - Level 1.0 Stealth
 * Level 1.7 Shields


You had 4 spell levels left.
You didn't know any spells.

Dungeon Overview and Level Annotations

Branches:
Dungeon (4/15)
 Temple: D:4-7

Altars:
Dithmenos
Fedhas
Kikubaaqudgha
Qazlal
Trog
Vehumet
Xom
Yredelemnul

Annotations:
D:3 Terence


Innate Abilities, Weirdness & Mutations

((You have a pair of small horns on your head.))
(You are mostly covered in rugged brown scales (AC +2, +5% HP).)


Message History

The ogre hits you but does no damage.
You slash the ogre!
The ogre is heavily wounded.
The ogre hits you but does no damage.
You barely miss the ogre.
The ogre is heavily wounded.
You hit the ogre.
The ogre is heavily wounded.
The ogre hits you with a giant spiked club!
You barely miss the ogre.
The ogre is heavily wounded.
The ogre hits you with a giant spiked club!
* * * LOW HITPOINT WARNING * * *
You hit the ogre but do no damage.
The ogre is heavily wounded.
The ogre hits you but does no damage.
You hit the ogre.
The ogre is severely wounded.
The ogre hits you with a giant spiked club!
You die...

#.# #.# #.# #.# #.# #.#
#.##########'##
##########.....##.......
........................
#######.##..............
........###....##.......
.......♣# ######<.......
.......O# #........
........# #........
........# #........
........# #.##+#+##
........# #.# ........#
#.# ........# #.#


You could see an ogre.

Vanquished Creatures
  A hound skeleton (D:3)
  6 adders
  3 worms
  3 giant geckos (D:3)
  5 orcs
  A bat skeleton (D:3)
  7 hobgoblins
  2 quokkas
  A ball python (D:1)
  11 bats
  5 giant cockroaches
  2 giant newts
  12 goblins
  4 jackals (D:2)
  6 kobolds
  3 rats
72 creatures vanquished.

Notes
Turn   | Place    | Note
--------------------------------------------------------------
     0 | D:1      | Chiseanne the Demonspawn Wanderer began the quest for the Orb.
     0 | D:1      | Chiseanne set off with: a curare-tipped needle, a +2 blowgun, a +0 hand axe, a potion of curing, a +0 robe, a bread ration
     0 | D:1      | Reached XP level 1. HP: 15/15 MP: 1/1
   738 | D:1      | Reached skill level 4 in Axes
   743 | D:1      | Gained mutation: You are partially covered in rugged brown scales (AC +1, +3% HP). [demonic ancestry]
   743 | D:1      | Reached XP level 2. HP: 12/21 MP: 2/2
  1327 | D:2      | Reached skill level 1 in Armour
  1327 | D:2      | Gained mutation: You have a pair of small horns on your head. [demonic ancestry]
  1327 | D:2      | Reached XP level 3. HP: 12/26 MP: 3/3
  1538 | D:2      | Reached skill level 1 in Shields
  1611 | D:2      | Reached skill level 1 in Dodging
  1848 | D:2      | Found a blossoming altar of Fedhas.
  1922 | D:2      | Reached XP level 4. HP: 28/32 MP: 4/4
  2266 | D:3      | Found a radiant altar of Vehumet.
  2266 | D:3      | Found a stormy altar of Qazlal.
  2266 | D:3      | Found a basalt altar of Yredelemnul.
  2269 | D:3      | Found an ancient bone altar of Kikubaaqudgha.
  2272 | D:3      | Found a shadowy altar of Dithmenos.
  2272 | D:3      | Found a shimmering altar of Xom.
  2468 | D:3      | Gained mutation: You are mostly covered in rugged brown scales (AC +2, +5% HP). [demonic ancestry]
  2468 | D:3      | Reached XP level 5. HP: 28/38 MP: 5/5
  2713 | D:3      | Found a bloodstained altar of Trog.
  2833 | D:3      | Noticed Terence
  2921 | D:4      | Noticed an ogre
  2932 | D:4      | Slain by an ogre

Vault maps used:
D:1:      co_arrival_square_in_a_square_in_a_square, serial_park_tiny_1,
          minmay_shallow_snake_nest
D:2:      old_standard_altar, first_bread
D:3:      minmay_overflow_temple_hex, lightli_temple_of_fire, uniq_terence
D:4:      lemuel_doored_altar, serial_shops, shop

Action                   |  1- 3 |  4- 6 || total
-------------------------+-------+-------++-------
Melee: Hand axe          |   130 |   110 ||   240
  Use: Scroll            |     6 |     5 ||    11
       Potion            |       |     1 ||     1
  Eat: Chunk             |     3 |     4 ||     7
